Map: Deathaura LE

Players

DnS

  • Race: Protoss Protoss
  • Spawn Location: 5:00

goblin - Winner!

  • Race: Protoss Protoss
  • League: Grandmaster
  • Spawn Location: 11:00

Event: DreamHack SC2 Masters 2020 Fall

VOD

Have the link to the VOD?

Description

Time

  • Played on: Aug. 29, 2020, 1:48 p.m.
  • Length: 8:35

All games in this series

Show
View Real Time Build Order
Export as new Build Order

DnS Protoss 

Build Orders: Oracle Opening 

Get SALT Encoding   

  12  0:00  Probe  
  13  0:12  Probe  
  14  0:17  Pylon  
  14  0:24  Probe (Chrono Boost)  
  15  0:36  Gateway, Probe (Chrono Boost)  
  16  0:44  Probe (Chrono Boost)  
  16  0:45  Assimilator  
  17  0:50  Probe  
  17  0:54  Assimilator  
  18  1:03  Probe (Chrono Boost)  
  19  1:06  Gateway  
  20  1:12  Probe (Chrono Boost)  
  20  1:17  Probe (Chrono Boost)  
  20  1:24  Cybernetics Core  
  21  1:29  Probe  
  22  1:35  Pylon  
  22  1:41  Probe  
  23  1:53  Probe  
  24  1:58  Warp Gate (Chrono Boost)  
  24  2:00  Stalker x2  
  28  2:07  Probe  
  29  2:10  Pylon  
  29  2:30  Stalker x2  
  29  2:36  Stargate  
  33  2:43  Pylon  
  33  2:50  Pylon  
  33  3:00  Pylon, Stalker  
  35  3:06  Stalker  
  37  3:15  Gateway  
  37  3:20  Oracle (Chrono Boost)  
  40  3:43  Stalker x2  
  44  3:50  Pylon  
  44  4:08  Stalker  
  44  4:09  Stalker  
  48  4:15  Stalker  
  48  4:16  Shield Battery  
  48  4:32  Stalker x2  
  48  4:35  Shield Battery  
  52  4:45  Shield Battery  
  52  4:50  Stalker  
  50  5:10  Stalker x2  
  50  5:13  Stalker  
  54  5:35  Stalker x2  
  58  5:36  Stalker  
  60  5:49  Pylon  
  58  5:58  Stalker x2  
  58  6:02  Shield Battery  
  56  6:21  Stalker x3  
  50  6:49  Stalker x3  
  53  7:12  Stalker x3  
  59  7:16  Shield Battery  
  59  7:35  Stalker x2  
  63  7:38  Stalker  
  45  8:01  Stalker x2  
  49  8:07  Stalker  
Show
View Real Time Build Order
Export as new Build Order

goblin Protoss - Winner!

Build Orders: Proxy Void Ray 

Get SALT Encoding   

  12  0:00  Probe  
  13  0:12  Probe  
  14  0:17  Pylon  
  14  0:24  Probe (Chrono Boost)  
  16  0:36  Probe (Chrono Boost)  
  16  0:37  Gateway  
  16  0:43  Probe (Chrono Boost)  
  16  0:45  Assimilator  
  17  0:50  Probe  
  17  0:53  Assimilator  
  18  1:03  Probe (Chrono Boost)  
  19  1:13  Probe (Chrono Boost)  
  19  1:17  Probe (Chrono Boost)  
  20  1:24  Cybernetics Core  
  21  1:29  Probe  
  22  1:41  Probe  
  22  1:46  Nexus  
  23  1:53  Pylon  
  23  2:02  Stargate  
  23  2:11  Stalker  
  23  2:13  Probe  
  26  2:16  Warp Gate  
  26  2:32  Shield Battery, Probe  
  27  2:37  Void Ray (Chrono Boost)  
  31  2:58  Probe x2  
  33  3:04  Void Ray (Chrono Boost)  
  33  3:05  Shield Battery  
  36  3:14  Zealot  
  38  3:25  Shield Battery, Pylon  
  38  3:26  Probe  
  39  3:28  Probe  
  39  3:33  Void Ray (Chrono Boost)  
  40  3:47  Probe x2  
  46  3:54  Shield Battery  
  46  4:00  Void Ray (Chrono Boost)  
  46  4:09  Shield Battery  
  50  4:11  Stalker  
  52  4:18  Pylon  
  48  4:38  Zealot  
  48  4:40  Probe x2  
  48  4:43  Forge  
  52  4:51  Shield Battery  
  51  5:05  Void Ray (Chrono Boost)  
  49  5:10  Stalker, Probe x2  
  55  5:30  Shield Battery  
  55  5:31  Probe x2  
  55  5:32  Shield Battery  
  55  5:36  Void Ray (Chrono Boost)  
  59  5:50  Stalker  
  59  5:54  Shield Battery  
  61  5:58  Pylon  
  61  6:07  Void Ray (Chrono Boost)  
  53  6:28  Shield Battery, Stalker  
  53  6:31  Photon Cannon  
  55  6:35  Void Ray (Chrono Boost)  
  47  6:58  Zealot  
  47  7:00  Photon Cannon  
  49  7:02  Photon Cannon  
  49  7:05  Void Ray (Chrono Boost)  
  49  7:09  Shield Battery  
  53  7:29  Shield Battery  
  51  7:32  Void Ray (Chrono Boost)  
  51  7:33  Photon Cannon  
  55  7:48  Photon Cannon  
  43  8:25  Stalker  

Tags
 
Add a new tag
Caveats
  • Supply blocks, unpowered buildings, or Contaminate may cause inaccurate times.
  • Supply counts are checked every 10 seconds.